 Dungeon Crawl Stone Soup version 0.29.1-2-gbd0b4ee654 (webtiles) character file.

Game seed: 11865134040225353956

183 Icepheonix32 the Insei (level 5, -2/49 HPs)
             Began as an Octopode Transmuter on Nov 20, 2022.
             Slain by Xeneth's ghost (9 damage)
             ... on level 4 of the Dungeon.
             The game lasted 00:05:14 (3575 turns).

Icepheonix32 the Insei (Octopode Transmuter)        Turns: 3575, Time: 00:05:15

Health: -2/49      AC: 22    Str: 15    XL:     5   Next: 62%
Magic:  8/8        EV:  2    Int: 22    God:
Gold:   195        SH:  0    Dex: 14    Spells: 2/8 levels left

rFire   . . .      SeeInvis .   f - +4 dagger
rCold   . . .      Faith    .   (no shield)
rNeg    . . .      Spirit   .   (helmet currently unavailable)
rPois   +          Reflect  .   (no amulet)
rElec   .          Harm     .   c - ring of willpower
rCorr   .          Rampage  .   h - +6 ring of intelligence
Will    +....      NoTele   +   p - +6 ring of strength
Stlth   +.........              (no ring)
HPRegen 0.16/turn               (no ring)
MPRegen 0.11/turn               (no ring)
                                (no ring)
                                (no ring)

@: tree-form
A: stationary, stasis, torment immunity, boosted hp, almost no armour,
(amphibious), 8 rings, (camouflage 1), (gelatinous body 1), (nimble swimmer 1),
(tentacles)
a: no special abilities


You were on level 4 of the Dungeon.
You were a tree.
You visited 1 branch of the dungeon, and saw 4 of its levels.

You collected 195 gold pieces.

Inventory:

Hand Weapons
 f - a +4 dagger (weapon)
Missiles
 k - 11 poisoned darts
Magical Staves
 l - a staff of earth
Jewellery
 c - a ring of willpower (left branch)
 h - a +6 ring of intelligence (right branch)
 p - a +6 ring of strength (on tentacle)
Wands
 q - a wand of polymorph (6)
Scrolls
 d - 3 scrolls of summoning
 e - a scroll of identify
 i - a scroll of poison
 m - 3 scrolls of teleportation
 o - a scroll of blinking
 t - a scroll of vulnerability
Potions
 b - a potion of curing
 g - 2 potions of mutation {unknown}
 j - a potion of flight {unknown}
 n - a potion of invisibility {unknown}
 r - a potion of berserk rage {unknown}
 s - a potion of haste {unknown}


   Skills:
 - Level 1.0 Fighting
 - Level 1.1 Short Blades
 * Level 3.2 Dodging
 + Level 4.4 Unarmed Combat
 - Level 2.0 Spellcasting
 + Level 3.0 Transmutations
 * Level 1.2 Poison Magic


You had 2 spell levels left.
You knew the following spells:

 Your Spells              Type           Power      Damage    Failure   Level
a - Beastly Appendage     Tmut           30%        N/A       3%          1
b - Spider Form           Tmut/Pois      11%        N/A       17%         3
c - Wereblood             Tmut           15%        N/A       6%          2

Your spell library contained the following spells:

 Spells                   Type           Power      Damage    Failure   Level
 Ice Form                 Ice/Tmut       8%         N/A       58%         4


Dungeon Overview and Level Annotations

Branches:
Dungeon (4/15)
 Temple: D:4-7

Altars:
Makhleb
The Shining One

Annotations:
D:4 Xeneth's ghost, amateur MiFi


Innate Abilities, Weirdness & Mutations

You are a tree.
Your roots penetrate the ground, keeping you stationary.
You cannot be teleported.
You are immune to unholy pain and torment.
Your maximum health is greatly increased.
You cannot wear most types of armour.
((You are amphibious.))
You can wear up to eight rings at the same time.
((Your skin changes colour to match your surroundings (Stealth+).))
((Your rubbery body absorbs attacks. (AC +1, EV +1)))
((You are camouflaged when in or above water. (Stealth+)))
((You have tentacles for arms and can constrict up to eight enemies at once.))


Message History

Xeneth's ghost hits you but does no damage.
You closely miss Xeneth's ghost.
You punch Xeneth's ghost, but do no damage.
Xeneth's ghost is moderately damaged.
Xeneth's ghost hits you but does no damage.
You hit Xeneth's ghost.
Xeneth's ghost is moderately damaged.
Xeneth's ghost hits you.
You closely miss Xeneth's ghost.
Xeneth's ghost is moderately damaged.
Xeneth's ghost hits you but does no damage.
You hit Xeneth's ghost.
Xeneth's ghost is heavily damaged.
You feel less wooden. Xeneth's ghost hits you!
* * * LOW HITPOINT WARNING * * *
You hit Xeneth's ghost. Your squeeze misses Xeneth's ghost.
Xeneth's ghost is heavily damaged.
Xeneth's ghost closely misses you.
You hit Xeneth's ghost but do no damage.
Your squeeze misses Xeneth's ghost.
Xeneth's ghost is heavily damaged.
Xeneth's ghost completely misses you.
Unknown command.
Really quaff the potion of lignification?
You turn into a tree.
Your roots penetrate the ground.
Xeneth's ghost hits you.
* * * LOW HITPOINT WARNING * * *
It was a potion of curing.
You feel better.
Xeneth's ghost whispers, "Meet the emptiness of death!"
Xeneth's ghost hits you.
* * * LOW HITPOINT WARNING * * *
You closely miss Xeneth's ghost.
Xeneth's ghost is heavily damaged.
Xeneth's ghost hits you but does no damage.
You completely miss Xeneth's ghost.
Xeneth's ghost is heavily damaged.
You hit Xeneth's ghost but do no damage.
Xeneth's ghost is heavily damaged.
Xeneth's ghost hits you!
You die...

#.#####..<##
#.......#.#
#######...#
##.## ##'##
##...##
##.....#
##.#######
#.♣#r~~w~~
.##
+..W~~~~?~
....
#..#~~~~~~
..##
##.#######
##.....#
#...## #+##


You could see a worm, Xeneth's ghost and a rat.

Vanquished Creatures
  The ghost of whiskeysaurus the Insei, a weakling OpTm (D:3)
  4 gnolls
  3 adders
  A river rat (D:4)
  A worm (D:3)
  A dart slug (D:1)
  2 orcs (D:4)
  5 ball pythons
  A bat (D:3)
  6 endoplasms
  A giant cockroach (D:1)
  4 goblins
  5 hobgoblins
  10 jackals
  3 quokkas
  5 frilled lizards
  3 kobolds (D:1)
  6 rats
62 creatures vanquished.

Notes
Turn   | Place    | Note
-------+----------+-------------------------------------------
     0 | D:1      | Icepheonix32 the Octopode Transmuter began the quest for
                  | the Orb.
     0 | D:1      | Reached XP level 1. HP: 13/13 MP: 3/3
   282 | D:1      | Reached XP level 2. HP: 14/18 MP: 3/5
   565 | D:1      | Reached XP level 3. HP: 23/23 MP: 4/6
  1298 | D:2      | Found a faded altar of an unknown god.
  1350 | D:2      | You fall into a shaft and drop 2 floors!
  1457 | D:3      | Found a large runed translucent door.
  1457 | D:3      | Found a large runed translucent door.
  1458 | D:3      | Noticed whiskeysaurus's ghost (weakling OpTm)
  1503 | D:3      | Killed whiskeysaurus's ghost
  1504 | D:3      | Reached skill level 4 in Unarmed Combat
  1504 | D:3      | Reached XP level 4. HP: 24/28 MP: 7/7
  1694 | D:3      | Learned a level 3 spell: Spider Form
  1868 | D:3      | Found a burning altar of Makhleb.
  1868 | D:3      | Noticed an Executioner
  1953 | D:3      | Found a glowing golden altar of the Shining One.
  2292 | D:3      | Noticed a gnoll sergeant
  2303 | D:3      | Reached skill level 1 in Short Blades
  2303 | D:3      | Reached XP level 5. HP: 29/33 MP: 3/8
  2325 | D:2      | Reached skill level 1 in Poison Magic
  2613 | D:2      | Learned a level 2 spell: Wereblood
  3527 | D:4      | Found a runed translucent door.
  3527 | D:4      | Noticed Xeneth's ghost (amateur MiFi)
  3575 | D:4      | Slain by Xeneth's ghost

Illustrated notes

Levels and vault maps discovered:
D:1:      psy_arrival_whirlpool, layout_basic, minmay_misc_feat_secret_circle
D:2:      layout_rooms, ebering_ecumenical_altar_box
D:3:      layout_basic, tso_oasis_becter, makhleb_altar_promises_db,
          ebering_ghost_disaster_area
D:4:      layout_loops_corners, ebering_ghost_sewer_f

Skill      XL: |  1  2  3  4  5 |
---------------+----------------+-----
Unarmed Combat | 4 |  4.4
Short Blades   | 1 |  1.1
Dodging        | 3 |  3.2
Poison Magic   | 1 |  1.2
Transmutations | 3 |  3.0
Fighting       | |  1.0
Spellcasting   | |  2.0

Action                   |  1- 3 |  4- 6 || total
-------------------------+-------+-------++-------
Melee: Unarmed           |    30 |     8 ||    38
       Constrict         |    18 |     8 ||    26
       Tentacles         |    15 |     5 ||    20
       Kick              |    14 |     4 ||    18
       Dagger            |    49 |    73 ||   122
       Punch             |     1 |     3 ||     4
 Cast: Beastly Appendage |    10 |     5 ||    15
       Spider Form       |       |     1 ||     1
       Wereblood         |       |     1 ||     1
  Use: Scroll            |     1 |     7 ||     8
       Potion            |     1 |     3 ||     4
 Stab: Sleeping          |     8 |     8 ||    16
Armor: Skin              |    14 |    22 ||    36
Dodge: Dodged            |    22 |    29 ||    51
